 Dungeon Crawl Stone Soup version 0.22-a0-553-g9358b0b (webtiles) character file.

25013 inc the Covert (level 12, -2/81 HPs)
             Began as a Felid Enchanter on June 24, 2018.
             Was the Champion of Uskayaw.
             Slain by a blink frog (10 damage)
             ... on level 6 of the Lair of Beasts on June 25, 2018.
             The game lasted 00:57:02 (22175 turns).

inc the Covert (Felid Enchanter)                   Turns: 22175, Time: 00:57:03

Health: -2/81      AC: 26    Str:  4    XL:     12   Next: 85%
Magic:  6/20       EV:  4    Int: 26    God:    Uskayaw [******]
Gold:   816        SH:  0    Dex: 18    Spells: 2/20 levels left
                                        Lives:  0   Deaths: 3

rFire    . . .     SeeInvis +     - Unarmed
rCold    . . .     Gourm    .   (shield unavailable)
rNeg     + + +     Faith    .   (armour unavailable)
rPois    +         Spirit   .   (helmet unavailable)
rElec    .         Reflect  .   (cloak unavailable)
rCorr    .         Harm     .   (gloves unavailable)
MR       +....     NoTele   +   (boots unavailable)
Stlth    ++++++....             j - amulet of regeneration
HPRegen  0.63/turn              E - ring of wizardry
MPRegen  0.17/turn              z - +6 ring of intelligence

@: tree-form
A: very small, no armour, no weapons or thrown items, stealth, see invisible,
carnivore, screaming 1, slow metabolism 1, evolution 1
a: Stomp, Line Pass, Grand Finale, Renounce Religion


You were on level 6 of the Lair of Beasts.
You worshipped Uskayaw.
Uskayaw was aware of your devotion.
You were not hungry.
You were a tree.
You visited 3 branches of the dungeon, and saw 19 of its levels.

You collected 1101 gold pieces.
You spent 285 gold pieces at shops.

Inventory:

Jewellery
 i - an uncursed ring of fire
 j - an amulet of regeneration (around neck)
 p - an uncursed amulet of guardian spirit
 r - an uncursed amulet of harm
 y - an uncursed ring of wizardry
 z - a +6 ring of intelligence (right branch)
 D - an uncursed amulet of guardian spirit
 E - a ring of wizardry (left branch)
 H - a +2 ring of dexterity
 I - an uncursed amulet of magic regeneration
Wands
 x - a wand of enslavement (11)
 B - a wand of iceblast (21)
 L - a wand of clouds (4)
 N - a wand of disintegration (42)
Scrolls
 a - 5 scrolls of amnesia
 c - 5 scrolls of magic mapping
 g - 5 scrolls of teleportation
 l - 6 scrolls of remove curse
 n - a scroll of enchant weapon
 q - a scroll of brand weapon {unknown}
 t - a scroll of noise {unknown}
 v - 2 scrolls of fog
 w - 4 scrolls of immolation
 A - 2 scrolls of blinking
 C - 6 scrolls of random uselessness {unknown}
 G - a scroll of silence {unknown}
 M - a scroll of enchant armour
 O - 2 scrolls of fear
 P - 3 scrolls of holy word {unknown}
Potions
 d - 3 potions of lignification
 e - 5 potions of agility
 h - 5 potions of curing
 k - 3 potions of brilliance
 m - 2 potions of cancellation
 o - 3 potions of haste
 s - 4 potions of flight
 u - a potion of heal wounds
 K - a potion of resistance
Miscellaneous
 Q - a crystal ball of energy
Comestibles
 b - 30 rations


   Skills:
 - Level 7.0 Fighting
 - Level 11.9 Dodging
 - Level 13.2 Stealth
 - Level 8.3 Unarmed Combat
 - Level 4.7 Spellcasting
 - Level 6.4 Conjurations
 - Level 11.7 Hexes
 - Level 4.4 Fire Magic
 - Level 5.0 Ice Magic
 + Level 10.1 Invocations


You had 2 spell levels left.
You knew the following spells:

 Your Spells              Type           Power        Failure   Level  Hunger
a - Dazzling Spray        Conj/Hex       ######       1%          3    ##.....
b - Ensorcelled Hibernat  Hex/Ice        #####.       1%          2    None
c - Confuse               Hex            ######..     1%          3    ##.....
d - Confusing Touch       Hex            ######       1%          1    None
e - Sticky Flame          Conj/Fire      ####....     3%          4    ####...
f - Fireball              Conj/Fire      ####......   10%         5    #####..

Your spell library contained the following spells:

 Spells                   Type           Power        Failure   Level  Hunger
 Apportation              Tloc           #.....       3%          1    None
 Conjure Flame            Conj/Fire      ####....     1%          3    ##.....
 Throw Flame              Conj/Fire      ####..       1%          2    None
 Summon Small Mammal      Summ           #...         3%          1    None
 Animate Skeleton         Necr           N/A          3%          1    None
 Tukima's Dance           Hex            ######..     1%          3    ##.....
 Flame Tongue             Conj/Fire      ####.        1%          1    None
 Corona                   Hex            ######.      1%          1    None
 Inner Flame              Hex/Fire       #####...     1%          3    ##.....


Dungeon Overview and Level Annotations

Branches:
Dungeon (12/15)            Temple (1/1) D:5            Lair (6/6) D:9
 Shoals (0/4) Lair:4        Snake (0/4) Lair:2        Slime (0/5) Lair:5
    Orc (0/2) D:10

Altars:
Ashenzari
Cheibriados
Dithmenos
Elyvilon
Fedhas
Gozag
Hepliaklqana
Kikubaaqudgha
Makhleb
Nemelex Xobeh
Okawaru
Qazlal
Ru
Sif Muna
Trog
Uskayaw
Vehumet
Wu Jian
Xom
Yredelemnul
Zin
The Shining One

Shops:
D:8 !   D:11 [?:==

Annotations:
D:2 1 runed door
D:5 1 runed door, urutzu's ghost, amateur SpEn
D:8 Erica
Lair:1 1 runed door, Reyrhar's ghost, journeyman TrMo
Lair:2 exclusion: 3 oklob plants
Lair:5 Kirke


Innate Abilities, Weirdness & Mutations

You cannot wear armour.
You are incapable of wielding weapons or throwing items.
Your paws allow you to move quietly. (Stealth)
((You have sharp claws.))
((You have razor-sharp teeth.))
You have supernaturally acute eyesight. (SInv)
You are carnivorous and can eat meat at any time.
((You cover ground quickly.))
((Your thick and shaggy fur keeps you warm. (AC +3, rC+)))
You have a slow metabolism.
((Your sharp claws are effective at attacking unaware monsters.))
((You have a pair of small antennae on your head.))
You occasionally shout uncontrollably at your foes.
You evolve.


Message History

The komodo dragon bites you.
* * * LOW HITPOINT WARNING * * *
Unknown command.
You pummel the komodo dragon!!
The komodo dragon is almost dead.
Uskayaw links your audience in an emotional bond!
Unknown command.
You barely miss the komodo dragon.
The komodo dragon is almost dead.
The komodo dragon bites you!
* * * LOW HITPOINT WARNING * * *
Unknown command.
You smack the komodo dragon!
You kill the komodo dragon!
The blink frog hits you but does no damage.
Unknown command.
You hit the blink frog.
The blink frog is moderately wounded.
The blink frog hits you!
You die...

.... .... #... .
### ... .. .PP.
#####.##...
P....#.P#8.8...P
......††.†.....#
.......F♣8.8....
........##..#...
......... ....
.......... ....
.........F. ..#
............ ##
..........§..
#....#.##...##


You could see a blink frog.

Vanquished Creatures
  5 hydras
  A two-headed ogre (D:8)
  A catoblepas (Lair:2)
  2 unseen horrors
  2 ugly things (D:12)
  Pikel (D:7)
  2 lindwurms (Lair:3)
  4 oklob plants (Lair:4)
  A cyclops (D:11)
  2 elephants (Lair:5)
  A manticore (D:12)
  2 centaur zombies
  3 merfolk sirens (Lair:4)
  3 black mambas
  2 gargoyles (D:10)
  Psyche (D:8)
  8 spiny frogs
  6 komodo dragons
  An efreet (D:12)
  A queen bee (D:8)
  3 meliai (D:12)
  2 trolls
  A merfolk (Lair:4)
  14 blink frogs
  2 hornets (Lair:3)
  11 hippogriffs
  14 yaks
  5 wyverns
  A hog (Lair:6)
  3 basilisks
  19 water moccasins
  8 porcupines
  A hornet zombie (D:9)
  2 orc warriors
  4 ice beasts
  3 phantoms
  3 sky beasts
  A black bear (D:11)
  2 ogres
  3 wolves (Lair:1)
  10 centaurs
  14 crocodiles
  A big kobold (D:10)
  2 gnoll sergeants
  12 bullfrogs
  3 scorpions
  A water moccasin skeleton (D:9)
  20 killer bees
  5 wights (D:10)
  4 howler monkeys
  2 electric eels
  3 crimson imps
  2 bullfrog skeletons
  7 hounds
  A jelly (D:9)
  7 orc priests
  14 orc wizards
  6 iguanas
  13 worker ants
  A killer bee zombie (D:6)
  21 adders
  7 gnolls
  A shadow imp (D:8)
  An adder zombie (D:5)
  4 worms
  6 leopard geckos
  50 orcs
  A ball python (D:2)
  6 giant cockroaches
  12 goblins
  4 hobgoblins
  6 jackals
  19 kobolds
  A quokka (D:8)
  7 bats (D:1)
  3 frilled lizards
  A giant cockroach zombie (D:6)
  A kobold skeleton (D:2)
  A kobold zombie (D:2)
  A leopard gecko zombie (D:5)
  A quokka skeleton (D:6)
  6 rats
  A butterfly (Lair:4)
  A plant (Lair:4)
441 creatures vanquished.

Vanquished Creatures (others)
  A shadow imp (D:7)
  6 fungi
  27 plants
34 creatures vanquished.

Grand Total: 475 creatures vanquished

Notes
Turn   | Place    | Note
-------+----------+-------------------------------------------
     0 | D:1      | inc the Felid Enchanter began the quest for the Orb.
     0 | D:1      | Reached XP level 1. HP: 7/7 MP: 4/4
   403 | D:1      | Reached XP level 2. HP: 11/11 MP: 6/6
  1091 | D:1      | Learned a level 2 spell: Ensorcelled Hibernation
  1929 | D:2      | Noticed a dagger
  1930 | D:2      | Noticed a hand axe
  1933 | D:2      | Found a hide-covered altar of Uskayaw.
  1944 | D:2      | Became a worshipper of Uskayaw the Reveler
  1988 | D:2      | Reached * piety under Uskayaw
  2002 | D:2      | Reached XP level 3. HP: 14/14 MP: 7/7
  2460 | D:2      | Noticed a human
  2461 | D:2      | Found a runed door.
  2466 | D:2      | Found a basalt altar of Yredelemnul.
  2494 | D:2      | Reached XP level 4. HP: 18/18 MP: 5/8
  2844 | D:3      | Reached skill level 1 in Ice Magic
  3051 | D:3      | Found an iron altar of Okawaru.
  3087 | D:3      | Reached XP level 5. HP: 21/21 MP: 0/9
  3312 | D:3      | Reached ** piety under Uskayaw
  3469 | D:3      | Found a shadowy altar of Dithmenos.
  3613 | D:3      | Found a burning altar of Makhleb.
  4384 | D:4      | Found a burning altar of Makhleb.
  4796 | D:4      | Gained mutation: You are covered in thick fur. (AC +2) [Felid growth]
  4796 | D:4      | Reached XP level 6. HP: 24/24 MP: 7/10
  4974 | D:4      | Learned a level 3 spell: Confuse
  5155 | D:4      | Reached skill level 5 in Ice Magic
  5275 | D:5      | Entered Level 5 of the Dungeon
  5384 | D:5      | Found a runed door.
  5384 | D:5      | Noticed urutzu's ghost (amateur SpEn)
  5559 | D:5      | Found an ancient bone altar of Kikubaaqudgha.
  5583 | D:5      | Noticed an ice beast
  5611 | D:5      | Killed an ice beast
  5611 | D:5      | Reached skill level 5 in Stealth
  5611 | D:5      | Reached XP level 7. HP: 9/27 MP: 5/11
  5669 | D:5      | Found a staircase to the Ecumenical Temple.
  5898 | Temple   | Entered the Ecumenical Temple
  6097 | D:6      | Reached skill level 6 in Stealth
  6116 | D:6      | Learned a level 3 spell: Dazzling Spray
  6140 | D:6      | Reached skill level 1 in Conjurations
  6528 | D:6      | Reached XP level 8. HP: 10/31 MP: 1/12
  6650 | D:6      | Found a blossoming altar of Fedhas.
  6742 | D:6      | Reached skill level 5 in Conjurations
  7293 | D:7      | Found a deep blue altar of Sif Muna.
  7334 | D:7      | Noticed a hippogriff
  7350 | D:7      | Killed a hippogriff
  7583 | D:7      | Reached skill level 5 in Hexes
  7794 | D:7      | Noticed Pikel
  7812 | D:7      | Killed Pikel
  8003 | D:7      | Found a basalt altar of Yredelemnul.
  8003 | D:7      | Found a glowing silver altar of Zin.
  8003 | D:7      | Found a sparkling altar of Nemelex Xobeh.
  8533 | D:8      | Noticed Erica
  8536 | D:8      | Reached XP level 9. HP: 34/34 MP: 13/13
  8641 | D:8      | Noticed a queen bee
  8948 | D:8      | Reached skill level 10 in Hexes
  8952 | D:8      | Reached *** piety under Uskayaw
  8953 | D:8      | Reached **** piety under Uskayaw
  9376 | D:8      | Reached skill level 1 in Fighting
  9626 | D:8      | Noticed a two-headed ogre
 10486 | D:8      | Killed a two-headed ogre
 10486 | D:8      | Reached XP level 10. HP: 31/42 MP: 1/14
 10658 | D:8      | Noticed Psyche
 10664 | D:8      | Killed Psyche
 10970 | D:8      | Killed from afar by Erica
 10971 | D:8      | Reached XP level 9. HP: -2/39 MP: 8/13
 11091 | D:8      | Found Puman's Distillery.
 11148 | D:8      | Bought a potion of berserk rage for 65 gold pieces
 11148 | D:8      | Bought a potion of haste for 130 gold pieces
 11989 | D:9      | Reached skill level 5 in Fighting
 12065 | D:9      | Found a snail-covered altar of Cheibriados.
 12372 | D:9      | Upgraded the game from 0.22-a0-542-gce4f928 to 0.22-a0-553-g9358b0b
 12667 | D:9      | Found a shimmering altar of Xom.
 12667 | D:9      | Found a shimmering altar of Xom.
 12668 | D:9      | Found a shimmering altar of Xom.
 12668 | D:9      | Found a shimmering altar of Xom.
 12668 | D:9      | Found a shimmering altar of Xom.
 12929 | D:9      | Found a staircase to the Lair.
 12965 | D:9      | Reached XP level 10. HP: 44/46 MP: 10/14
 12986 | D:10     | Entered Level 10 of the Dungeon
 13041 | D:10     | Found a staircase to the Orcish Mines.
 13083 | D:10     | Noticed a gargoyle
 13593 | D:10     | Noticed a gargoyle
 13599 | D:10     | Reached ***** piety under Uskayaw
 13775 | Lair:1   | Entered Level 1 of the Lair of Beasts
 13808 | Lair:1   | Noticed a seven-headed hydra
 13819 | Lair:1   | Noticed a spiny frog
 14008 | D:10     | Noticed an unseen horror
 14019 | D:10     | Killed a gargoyle
 14033 | D:10     | Killed an unseen horror
 14033 | D:10     | Reached skill level 7 in Stealth
 14315 | D:10     | Reached skill level 5 in Unarmed Combat
 14614 | D:10     | Killed a gargoyle
 14614 | D:10     | Reached skill level 8 in Stealth
 14900 | D:11     | Found Giamu's Magic Scroll Boutique.
 14900 | D:11     | Noticed a six-headed hydra
 15214 | D:11     | Bought a scroll of blinking for 90 gold pieces
 15225 | D:11     | Found Aduocau's Book Emporium.
 15322 | D:11     | Found Plog's Jewellery Boutique.
 15375 | D:11     | Reached XP level 11. HP: 41/50 MP: 0/19
 15544 | D:11     | Found a shattered altar of Ashenzari.
 15629 | D:11     | Found Poigg's Jewellery Boutique.
 15991 | D:11     | Reached skill level 9 in Stealth
 16103 | D:11     | Found Zosov's Antique Armour Shop.
 16316 | D:12     | Reached skill level 10 in Stealth
 16595 | D:12     | Reached skill level 11 in Stealth
 16909 | D:12     | Reached skill level 12 in Stealth
 16917 | D:12     | Noticed a purple ugly thing
 17031 | D:12     | Killed a purple ugly thing
 17194 | D:12     | Noticed an unseen horror
 17199 | D:12     | Killed an unseen horror
 17215 | D:12     | Noticed a brown ugly thing
 17222 | D:12     | Killed a brown ugly thing
 17223 | D:12     | Found a runed door.
 17228 | D:12     | Noticed a two-headed ogre
 17228 | D:12     | Noticed a deep elf mage
 17228 | D:12     | Noticed an ettin
 17228 | D:12     | Noticed a skeletal warrior
 17228 | D:12     | Noticed a centaur warrior
 17229 | D:12     | Found the +2 pair of boots of the Assassin {Detection Stab+ Stlth++}
 17286 | D:12     | Shot with an arrow by a centaur warrior
 17287 | D:12     | Reached XP level 10. HP: -6/47 MP: 18/18
 17289 | D:12     | Noticed a five-headed hydra
 17296 | D:12     | Killed a five-headed hydra
 17296 | D:12     | Reached skill level 13 in Stealth
 17296 | D:12     | Reached XP level 11. HP: 50/50 MP: 19/19
 17444 | D:12     | Mangled by a two-headed ogre
 17445 | D:12     | Reached XP level 10. HP: -13/47 MP: 6/18
 17536 | Lair:1   | Killed a seven-headed hydra
 17539 | Lair:1   | Killed a spiny frog
 17621 | Lair:1   | Noticed a spiny frog
 17623 | Lair:1   | Killed a spiny frog
 17627 | Lair:1   | Reached skill level 10 in Dodging
 17632 | Lair:1   | Noticed an eight-headed hydra
 17639 | Lair:1   | Killed an eight-headed hydra
 17855 | Lair:1   | Noticed a spiny frog
 17859 | Lair:1   | Killed a spiny frog
 18031 | Lair:1   | Found a runed door.
 18031 | Lair:1   | Noticed Reyrhar's ghost (journeyman TrMo)
 18165 | Lair:1   | Reached XP level 11. HP: 50/50 MP: 16/19
 18504 | Lair:2   | Found a staircase to the Snake Pit.
 18515 | Lair:2   | Reached skill level 1 in Invocations
 18642 | Lair:2   | Learned a level 1 spell: Confusing Touch
 18894 | Lair:2   | Noticed a catoblepas
 18913 | Lair:2   | Killed a catoblepas
 18934 | Lair:2   | Noticed an oklob plant
 19068 | Lair:2   | Learned a level 4 spell: Sticky Flame
 19076 | Lair:2   | Learned a level 5 spell: Fireball
 19108 | Lair:2   | Reached skill level 1 in Fire Magic
 19244 | Lair:2   | Noticed an oklob plant
 19528 | Lair:2   | Noticed an oklob plant
 19640 | Lair:3   | Found an ornate altar of the Wu Jian Council.
 19930 | Lair:3   | Found a dark tunnel.
 20387 | Lair:3   | Reached skill level 5 in Invocations
 20445 | Lair:3   | Noticed a lindwurm
 20451 | Lair:3   | Killed a lindwurm
 20467 | Lair:3   | Noticed a lindwurm
 20473 | Lair:3   | Killed a lindwurm
 20653 | Lair:4   | Noticed a seven-headed hydra
 20920 | Lair:4   | Gained mutation: Your thick and shaggy fur keeps you warm. (AC +3, rC+) [Felid growth]
 20920 | Lair:4   | Reached XP level 12. HP: 54/54 MP: 14/20
 21108 | Lair:4   | Noticed a seven-headed hydra
 21135 | Lair:4   | Killed a seven-headed hydra
 21352 | Lair:4   | Found a staircase to the Shoals.
 21481 | Lair:4   | Gained mutation: You occasionally shout uncontrollably at your foes. [potion of mutation]
 21481 | Lair:4   | Gained mutation: You evolve. [potion of mutation]
 21481 | Lair:4   | Gained mutation: You have a pair of small antennae on your head. [potion of mutation]
 21723 | Lair:4   | Killed a seven-headed hydra
 21917 | Lair:5   | Found a staircase to the Slime Pits.
 22123 | Lair:5   | Noticed Kirke
 22139 | Lair:6   | Entered Level 6 of the Lair of Beasts
 22164 | Lair:6   | Reached skill level 10 in Invocations
 22166 | Lair:6   | Reached ****** piety under Uskayaw
 22175 | Lair:6   | Slain by a blink frog

Vault maps used:
D:1:      evilmike_arrival_rings
D:2:      dancing_weapons_uskayaw, dk_yredelemnul_ordeal
D:3:      kennysheep_the_goblin_king, okawaru_metal_pillars_1_2,
          nicolae_dithmenos_shadow_blocks, first_ration,
          minmay_misc_feat_more_columns, corexii_corridor_pit,
          makhleb_heckhound_becter
D:4:      kennysheep_little_box
D:5:      kiku_gazebo_garden_becter, temple_pool_b, gammafunk_ghost_grave
D:6:      fedhas_altar_1
D:7:      lemuel_coloured_pillars_altar, gammafunk_temple_overflow_forgotten,
          uniq_pikel
D:8:      serial_shops, shop, david_nohive_1, kennysheep_nub,
          serial_bayou_lagoon_a, hex_tiny, uniq_psyche, uniq_erica
D:9:      slow_altar_1, lair_entry_dummy, xom_shifter_show
D:10:     orc_0_dummy, minmay_lizard_king
D:11:     serial_shops, kennysheep_mini_moat, nicolae_shop_crystal, shop,
          shop_scrolls, nicolae_shop_waterfront, nicolae_ashenzari_panopticon
D:12:     minmay_st_funbox, hangedman_glass_teeth
Temple:   nicolae_temple_hex_pool
Lair:1:   gammafunk_ghost_grave, nicolae_quartered_pool_super,
          beast_lair_carwin_2
Lair:2:   minmay_snake_entry_six_corridors, disabler_island,
          infiniplex_staircase_pool, serial_bayou_shore_b
Lair:3:   cheibrodos_lair_overgrown_chateau, nicolae_volcano_entry_two_sided,
          lemuel_centaur_altar
Lair:4:   elwin_shoals_entry_stream, grunt_megastairs_2, serial_bayou_shore_b,
          serial_bayou_shore_a, lemuel_fruit_fields, minmay_lair_oklob_chamber
Lair:5:   slime_dummy, minmay_lindwurm_lava, infiniplex_staircase_pool_2,
          uniq_kirke, uniq_snorg
Lair:6:   hangedman_lair_tendril_chambers, lab_entry_generic,
          small_statue_intersection, guppyfry_lair_drakes

Skill      XL: |  1  2  3  4  5  6  7  8  9 10 11 12 |
---------------+-------------------------------------+-----
Unarmed Combat | 2 3 5 8 |  8.3
Ice Magic      | 2 4 5 |  5.0
Stealth        | 5 6 13 12 | 13.2
Conjurations   | 4 6 |  6.4
Hexes          | 9 11 | 11.7
Fighting       | 6 7 |  7.0
Dodging        | 6 11 | 11.9
Spellcasting   | 4 |  4.7
Invocations    | 6 10 | 10.1
Fire Magic     | 4 |  4.4

Action                   |  1- 3 |  4- 6 |  7- 9 | 10-12 || total
-------------------------+-------+-------+-------+-------++-------
Melee: Unarmed           |    85 |   108 |   212 |   352 ||   757
       Bite              |     5 |     5 |    12 |    22 ||    44
       Punch             |       |       |       |     4 ||     4
 Cast: Corona            |    10 |       |       |       ||    10
       Ensorcelled Hiber |    11 |    66 |   162 |   219 ||   458
       Confuse           |       |     3 |     9 |     7 ||    19
       Dazzling Spray    |       |       |    34 |    81 ||   115
       Sticky Flame      |       |       |       |     1 ||     1
       Confusing Touch   |       |       |       |     1 ||     1
       Fireball          |       |       |       |     2 ||     2
  Use: Scroll            |       |       |    14 |     5 ||    19
       Potion            |       |       |       |    11 ||    11
 Stab: Sleeping          |    23 |    43 |    96 |   172 ||   334
       Confused          |       |     2 |    10 |    11 ||    23
       Invisible         |       |       |     4 |     8 ||    12
       Paralysed         |       |       |     3 |    23 ||    26
  Eat: Chunk             |     3 |    11 |    25 |    28 ||    67
Armor: Skin              |     1 |     1 |    12 |    30 ||    44
Dodge: Dodged            |    44 |    66 |   205 |   305 ||   620

Table legend:
 A = Spawn XP
 B = Non-spawn XP
 C = Spawn XP percentage of total XP
 D = Spawn monster count
 E = Non-spawn monster count
 F = Spawn count percentage of total count
 G = Total turns spent on level
                    A         B        C        D         E        F      G
               +---------+---------+-------+---------+---------+-------+---------
         Total |       0 |   54873 |   0.0 |       0 |     439 |   0.0 | 22175
               +---------+---------+-------+---------+---------+-------+---------
           D:1 |       0 |      37 |   0.0 |       0 |      24 |   0.0 |  1920
           D:2 |       0 |      63 |   0.0 |       0 |      15 |   0.0 |   960
           D:3 |       0 |     222 |   0.0 |       0 |      39 |   0.0 |  1476
           D:4 |       0 |     279 |   0.0 |       0 |      12 |   0.0 |   919
           D:5 |       0 |     190 |   0.0 |       0 |       6 |   0.0 |   731
           D:6 |       0 |     999 |   0.0 |       0 |      16 |   0.0 |  1251
           D:7 |       0 |    1532 |   0.0 |       0 |      26 |   0.0 |  2314
           D:8 |       0 |    3679 |   0.0 |       0 |      39 |   0.0 |  1916
           D:9 |       0 |    1853 |   0.0 |       0 |      36 |   0.0 |  1689
          D:10 |       0 |    4201 |   0.0 |       0 |      43 |   0.0 |  1637
          D:11 |       0 |    3087 |   0.0 |       0 |      33 |   0.0 |  1455
          D:12 |       0 |    8435 |   0.0 |       0 |      36 |   0.0 |  1018
        Lair:1 |       0 |    5565 |   0.0 |       0 |      18 |   0.0 |  1092
        Lair:2 |       0 |    4311 |   0.0 |       0 |      25 |   0.0 |  1137
        Lair:3 |       0 |    6023 |   0.0 |       0 |      26 |   0.0 |  1203
        Lair:4 |       0 |    9017 |   0.0 |       0 |      25 |   0.0 |  1103
        Lair:5 |       0 |    3214 |   0.0 |       0 |      12 |   0.0 |   222
        Lair:6 |       0 |    2166 |   0.0 |       0 |       8 |   0.0 |    36
               +---------+---------+-------+---------+---------+-------+---------
